 Dungeon Crawl Stone Soup version 0.31-a0-963-ga325b2283a (webtiles) character file.

Game seed: 12516207779778029304

39 Armakuni the Cudgeller (level 3, -3/40 HPs)
             Began as a Human Wanderer on Oct 25, 2023.
             Slain by an orc
             ... wielding a +1 hand axe of venom
              (5 damage)
             ... on level 2 of the Dungeon.
             The game lasted 00:02:07 (642 turns).

Armakuni the Cudgeller (Human Wanderer)              Turns: 642, Time: 00:02:08

Health: -3/40      AC: 21    Str: 13    XL:     3   Next: 67%
Magic:  3/3        EV:  2    Int: 10    God:
Gold:   25         SH:  0    Dex: 15    Spells: 2/2 levels left

rFire   . . .        a - +2 mace
rCold   . . .        (no shield)
rNeg    . . .        e - melded +0 leather armour
rPois   +            (helmet currently unavailable)
rElec   .            (cloak currently unavailable)
rCorr   .            (gloves currently unavailable)
SInv    .            c - melded +1 pair of boots
Will    .....        (no amulet)
Stlth   ++           (no ring)
HPRegen 0.26/turn    (no ring)
MPRegen 0.08/turn

%: no passive effects
@: lethally poisoned (-3 -> -20), tree-form
A: stationary, stasis, torment immunity, boosted hp
a: no special abilities


You were on level 2 of the Dungeon.
You were a tree.
You visited 1 branch of the dungeon, and saw 2 of its levels.

You collected 25 gold pieces.

Inventory:

Hand Weapons
 a - a +2 mace (weapon)
Armour
 c - a +1 pair of boots (melded)
 e - a +0 leather armour (melded)
Scrolls
 b - a scroll of vulnerability
 d - a scroll of blinking
 g - a scroll of immolation
Potions
 h - a potion of enlightenment {unknown}
 i - a potion of haste {unknown}


   Skills:
 - Level 2.0 Fighting
 + Level 6.0 Maces & Flails
 - Level 1.0 Armour
 - Level 2.0 Stealth


You had 2 spell levels left.
You didn't know any spells.
Your spell library was empty.

Dungeon Overview and Level Annotations

Branches:
Dungeon (1/15)

Altars:


Message History

You hit the adder.
The adder is almost dead.
The rat misses you. The adder bites you but does no damage.
The rat barely misses you.
You hit the adder.
You kill the adder!
The rat barely misses you.
Your Maces & Flails skill increases to level 6!
You hit the ball python.
You kill the ball python!
The rat misses you.
You closely miss the rat. The rat bites you.
You hit the rat.
The rat is severely wounded.
The rat bites you but does no damage.
You thump the rat!
You kill the rat!
You hit the orc.
The orc is moderately wounded.
The orc hits you with a +1 hand axe of venom.
You are poisoned.
You hit the orc.
The orc is almost dead.
You feel very sick.
The orc hits you with a +1 hand axe of venom.
You are more poisoned.
You are too injured to fight recklessly!
You hit the orc but do no damage.
The orc is almost dead.
* * * LOW HITPOINT WARNING * * *
You feel very sick. The orc barely misses you.
It was a potion of lignification.
You turn into a tree.
Your +1 pair of boots melds into your body.
Your +0 leather armour melds into your body.
Your roots penetrate the ground.
* * * LOW HITPOINT WARNING * * *
You feel very sick.
The orc hits you with a +1 hand axe of venom.
You die...

~~~ # ###.... ## #.#.
..# . .## ##...
..###.# ..## ##...#
....... ...# ....#
....... ..## ##..#
##....... ...##
##..####♣o#### .#..##
##............# ...†.#
#................
#...##
##............###
###..###..........>(.#
#)..#...#..........#
#..###..#..........# #
#...#...#.##########
###.......#.#


You could see an orc.

Vanquished Creatures
  An adder (D:2)
  A dart slug (D:1)
  An endoplasm (D:2)
  6 giant cockroaches (D:1)
  2 goblins
  A hobgoblin (D:2)
  4 jackals (D:1)
  A quokka (D:1)
  2 ball pythons
  A frilled lizard (D:2)
  A kobold (D:2)
  6 rats
27 creatures vanquished.

Notes
Turn   | Place    | Note
-------+----------+-------------------------------------------
     0 | D:1      | Armakuni the Human Wanderer began the quest for the Orb.
     0 | D:1      | Armakuni set off with the following items: a +2 mace, a
                  | scroll of vulnerability, a +0 pair of boots, a scroll of
                  | blinking, a +0 leather armour.
     0 | D:1      | Reached XP level 1. HP: 16/16 MP: 1/1
    60 | D:1      | Reached XP level 2. HP: 22/22 MP: 2/2
   250 | D:1      | Reached XP level 3. HP: 25/27 MP: 3/3
   500 | D:1      | You fall into a shaft and drop 1 floor!
   635 | D:2      | Reached skill level 6 in Maces & Flails
   642 | D:2      | HP: 2/40 [poisoned by an orc]
   642 | D:2      | Slain by an orc

Illustrated notes

Levels and vault maps discovered:
D:1:      dpeg_arrival_prison, layout_loops_corners, minivault_5,
          dk_noncrumbling_4, minivault_27, st_stairs_6
D:2:      layout_rooms, minivault_14, grunt_ministairs_11,
          nicolae_figureground_pulse, uniq_natasha

Skill      XL: |  1  2  3 |
---------------+----------+-----
Maces & Flails | 6 |  6.0
Fighting       | |  2.0
Armour         | |  1.0
Stealth        | |  2.0

Action                     || total
---------------------------++-------
  Melee: Mace              ||    62
    Use: Scroll            ||     3
         Potion            ||     1
   Stab: Sleeping          ||     8
 Armour: Leather armour    ||    28
         Skin              ||     1
  Dodge: Dodged            ||    40

Table legend: (Time is in decaauts)
 A = Elapsed time spent in this place.
 B = Non-inter-level travel time spent in this place.
 C = Inter-level travel time spent in this place.
 D = Time resting spent in this place.
 E = Time spent auto-exploring this place.
 F = Levels seen in this place.
 G = Mean time per level.
                   A        B        C        D        E       F      G
               +--------+--------+--------+--------+--------+-----+--------+
         Total |    649 |    649 |      0 |      0 |    456 |   2 |  324.5 |
       Dungeon |    649 |    649 |      0 |      0 |    456 |   2 |  324.5 |
               +--------+--------+--------+--------+--------+-----+--------+

Top non-repeatable levels by time:
     D:1: 505 daAuts
     D:2: 144 daAuts
